[Event "7th Francophone-ch 2019"]
[Site "Paris"]
[Date "2019.08.06"]
[Round "3.8"]
[White "Defromont, Benjamin"]
[Black "Dardha, Daniel"]
[Result "1-0"]
[ECO "B01"]
[WhiteElo "2245"]
[BlackElo "2420"]
[Annotator "NA"]
[PlyCount "105"]
[EventDate "2019.08.04"]
[EventType "swiss"]
[EventCountry "FRA"]
[SourceTitle "playchess.com"]
[Source "ChessBase"]
[SourceQuality "1"]
[TimeControl "40/5400+30:1800+30"]

1. e4 d5 2. exd5 Nf6 3. d4 Nxd5 4. Nf3 g6 5. c4 Nb6 6. a4 a5 7. c5 Nd5 8. Bc4 Bg7 9. Qb3 e6 10. Nc3 Nc6 11. Nxd5 exd5 12. Bxd5 O-O 13. Be3 Nb4 14. Bc4 Bf5 15. O-O Bc2 16. Qc3 Be4 17. Ne5 Bd5 18. Rfe1 Re8 19. Bf4 Qf6 20. Bg3 Rad8 21. Rad1 Bxc4 22. Qxc4 Qf5 23. h3 c6 24. Nf3 Nd5 25. Qb3 Rxe1+ 26. Rxe1 Qc8 27. Re2 Bf6 28. Qd1 Ne7 29. Be5 Bxe5 30. Rxe5 Qd7 31. Qe1 Nf5 32. Re4 Qc7 33. g4 Ng7 34. Re7 Qf4 35. Qe3 Qf6 36. Rxb7 Re8 37. Qb3 Qf4 38. Ne5 Ne6 39. Qf3 Nxd4 40. Qxf4 Ne2+ 41. Kh2 Nxf4 42. Nxc6 Nd3 43. Rb5 Re2 44. Nxa5 Rxf2+ 45. Kg3 Rc2 46. c6 Kg7 47. b3 Rc3 48. Kh2 Rc2+ 49. Kg1 Nc5 50. Rb4 Nd3 51. Rc4 Rd2 52. c7 Ne5 53. Rc3 1-0

[Event "7th Francophone-ch 2019"]
[Site "Paris"]
[Date "2019.08.06"]
[Round "3.9"]
[White "Maisuradze, Nino"]
[Black "Nezad, Husein Aziz"]
[Result "1/2-1/2"]
[ECO "D00"]
[WhiteElo "2197"]
[BlackElo "2400"]
[Annotator "NA"]
[PlyCount "85"]
[EventDate "2019.08.04"]
[EventType "swiss"]
[EventCountry "FRA"]
[SourceTitle "playchess.com"]
[Source "ChessBase"]
[SourceQuality "1"]
[TimeControl "40/5400+30:1800+30"]

1. c4 Nf6 2. g3 c6 3. Bg2 d5 4. d4 Bf5 5. Qb3 Qb6 6. Qxb6 axb6 7. cxd5 cxd5 8. Nc3 e6 9. Bd2 Nc6 10. Nf3 Ne4 11. e3 Nb4 12. O-O Nd3 13. Nxe4 Bxe4 14. Bc3 b5 15. a3 Bd6 16. Rfd1 Ke7 17. Ne5 Bxg2 18. Kxg2 Nxe5 19. dxe5 Bc5 20. Rac1 Rhc8 21. Rd2 Rc6 22. Rdc2 Kd7 23. Kf3 Rac8 24. Bd4 Bxd4 25. Rxc6 Rxc6 26. Rxc6 Kxc6 27. exd4 b4 28. a4 b3 29. Ke3 Kb6 30. Kd3 Ka5 31. Kc3 Kxa4 32. h4 h6 33. f3 g6 34. g4 h5 35. g5 b6 36. f4 b5 37. Kd2 Kb4 38. Kd3 Ka5 39. Kc3 b4+ 40. Kd2 Kb5 41. Kd3 Kb6 42. Kd2 Kb5 43. Kd3 1/2-1/2

[Event "7th Francophone-ch 2019"]
[Site "Paris"]
[Date "2019.08.06"]
[Round "3.10"]
[White "Ek, Alexandre"]
[Black "Okhotnik, Vladimir"]
[Result "0-1"]
[ECO "C41"]
[WhiteElo "2212"]
[BlackElo "2381"]
[Annotator "NA"]
[PlyCount "110"]
[EventDate "2019.08.04"]
[EventType "swiss"]
[EventCountry "FRA"]
[SourceTitle "playchess.com"]
[Source "ChessBase"]
[SourceQuality "1"]
[TimeControl "40/5400+30:1800+30"]

1. e4 d6 2. d4 Nf6 3. Nc3 e5 4. Nf3 Nbd7 5. Bc4 Be7 6. O-O O-O 7. a4 a5 8. Re1 exd4 9. Qxd4 Ne5 10. Nxe5 dxe5 11. Qxd8 Rxd8 12. Bg5 c6 13. Rad1 Kf8 14. Rxd8+ Bxd8 15. Rd1 Bb6 16. Bxf6 gxf6 17. Ne2 f5 18. Ng3 fxe4 19. Nxe4 Bf5 20. Re1 Rd8 21. Bd3 Bg6 22. g4 Rd4 23. b3 Ke7 24. g5 h6 25. h4 hxg5 26. hxg5 Rd8 27. Kg2 Rh8 28. Nd2 Bxd3 29. cxd3 Bc7 30. d4 f6 31. f4 fxg5 32. fxg5 b5 33. axb5 cxb5 34. dxe5 Rd8 35. Nf3 Rd3 36. Rb1 Ke6 37. g6 Rd7 38. Re1 Bd8 39. Kf2 Bb6+ 40. Ke2 Rg7 41. Rd1 Bc5 42. Rc1 Kd5 43. Rd1+ Kc6 44. e6 a4 45. Ne5+ Kc7 46. Rc1 Kd6 47. Nf7+ Kd5 48. bxa4 bxa4 49. Ne5 a3 50. Nd7 Bd4 51. Rc2 Rxg6 52. Kf3 Rxe6 53. Rd2 Ra6 54. Ra2 Bb2 55. Nb8 Rd6 0-1

[Event "7th Francophone-ch 2019"]
[Site "Paris"]
[Date "2019.08.07"]
[Round "4.1"]
[White "Shchekachev, Andrei"]
[Black "Macon, Arthur"]
[Result "1/2-1/2"]
[ECO "D41"]
[WhiteElo "2531"]
[BlackElo "2270"]
[Annotator "ChessBase"]
[PlyCount "92"]
[EventDate "2019.08.04"]
[EventType "swiss"]
[EventCountry "FRA"]
[SourceTitle "playchess.com"]
[Source "ChessBase"]
[SourceQuality "1"]
[TimeControl "40/5400+30:1800+30"]

1. Nf3 Nf6 2. c4 e6 3. Nc3 d5 4. d4 c5 5. cxd5 Nxd5 6. e4 Nxc3 7. bxc3 cxd4 8. cxd4 Bb4+ 9. Bd2 Bxd2+ 10. Qxd2 O-O 11. Rc1 b6 12. Bd3 Bb7 13. Qe3 Nd7 14. e5 Bxf3 15. Qxf3 Qh4 16. Qe3 Rfd8 17. O-O Rac8 18. f4 Nf8 19. Rxc8 Rxc8 20. f5 exf5 21. Bxf5 Rd8 22. d5 Qe7 23. e6 fxe6 24. dxe6 Re8 25. Kh1 Ng6 26. Bc2 Rf8 27. Rd1 Rd8 28. Re1 Rf8 29. Bb3 Kh8 30. g3 Re8 31. Qe4 Rf8 32. Kg1 Qc5+ 33. Qe3 Qe7 34. h4 Re8 35. Rf1 Rf8 36. Rc1 Qf6 37. Re1 Ne7 38. Bc4 Qb2 39. Re2 Qb1+ 40. Re1 Qb2 41. Bb3 Qf6 42. Rd1 Qb2 43. Qd2 Qe5 44. Qg5 Qe2 45. Qxe7 Qf2+ 46. Kh1 Qf3+ 1/2-1/2

[Event "7th Francophone-ch 2019"]
[Site "Paris"]
[Date "2019.08.07"]
[Round "4.2"]
[White "Flom, Gabriel"]
[Black "Defromont, Benjamin"]
[Result "1/2-1/2"]
[ECO "E48"]
[WhiteElo "2494"]
[BlackElo "2245"]
[Annotator "ChessBase"]
[PlyCount "128"]
[EventDate "2019.08.04"]
[EventType "swiss"]
[EventCountry "FRA"]
[SourceTitle "playchess.com"]
[Source "ChessBase"]
[SourceQuality "1"]
[TimeControl "40/5400+30:1800+30"]

1. d4 Nf6 2. c4 e6 3. Nc3 Bb4 4. e3 O-O 5. Bd3 c5 6. Nge2 d5 7. cxd5 cxd4 8. exd4 Nxd5 9. O-O Nc6 10. Nxd5 Qxd5 11. Bf4 g6 12. a3 Be7 13. Be3 Bf6 14. Rc1 Rd8 15. Bc4 Qd6 16. Qc2 Nxd4 17. Nxd4 Bxd4 18. Bxd4 Qxd4 19. Rfd1 Qb6 20. Rxd8+ Qxd8 21. Rd1 Qc7 22. Bb3 Qxc2 23. Rd8+ Kg7 24. Bxc2 Kf6 25. f4 Ke7 26. Rh8 h5 27. Kf2 Kd7 28. Ke3 a5 29. Ba4+ Kd6 30. Bc2 Kd7 31. Kd4 a4 32. Rh7 Ke8 33. Ke5 Ra6 34. Rh8+ Kd7 35. Rf8 f5 36. Rg8 Kc7 37. Rxg6 Bd7 38. Rg7 Kd8 39. Bd1 h4 40. g4 fxg4 41. Rxg4 Ra5+ 42. Kf6 Rf5+ 43. Kg7 h3 44. Rh4 e5 45. fxe5 Rxe5 46. Kf6 Rf5+ 47. Kg6 Rf2 48. Bxa4 Bxa4 49. Rxa4 Rxh2 50. Rh4 Rg2+ 51. Kf5 h2 52. b4 Kc7 53. Rh6 Ra2 54. Ke5 Rxa3 55. Rxh2 Kb6 56. Rh7 Ra4 57. Kd4 Rxb4+ 58. Kc3 Rg4 59. Rh5 Kc6 60. Kb3 Rd4 61. Kc3 Rd5 62. Rh7 Rg5 63. Kb4 Rg4+ 64. Kb3 b5 1/2-1/2

[Event "7th Francophone-ch 2019"]
[Site "Paris"]
[Date "2019.08.07"]
[Round "4.3"]
[White "Bergez, Luc"]
[Black "Rakotomaharo, Fy Antenaina"]
[Result "1-0"]
[ECO "B20"]
[WhiteElo "2308"]
[BlackElo "2419"]
[Annotator "NA"]
[PlyCount "149"]
[EventDate "2019.08.04"]
[EventType "swiss"]
[EventCountry "FRA"]
[SourceTitle "playchess.com"]
[Source "ChessBase"]
[SourceQuality "1"]
[TimeControl "40/5400+30:1800+30"]

1. e4 c5 2. d3 d5 3. exd5 Qxd5 4. Nc3 Qd8 5. Nf3 Nc6 6. g3 Nf6 7. Bg2 e6 8. O-O Be7 9. Bf4 O-O 10. Re1 a6 11. a4 Nb4 12. Ne5 Nfd5 13. Bd2 Bf6 14. a5 Rb8 15. Nc4 Bd7 16. Ne4 Be7 17. Ne5 Be8 18. f4 f6 19. Nc4 Bf7 20. Nf2 Nc7 21. Be4 Nb5 22. c3 Nd5 23. Bg2 Nd6 24. Ne4 Nb5 25. Qf3 Qc7 26. Re2 Na7 27. Be1 e5 28. fxe5 fxe5 29. Bd2 Be8 30. Qg4 Bd7 31. Qh5 Nc6 32. Rf2 Rxf2 33. Nxf2 Nf6 34. Qe2 Be6 35. Nxe5 Nxe5 36. d4 cxd4 37. cxd4 Bc4 38. Qxe5 Bd6 39. Qg5 Re8 40. Rc1 Qf7 41. Ng4 Nxg4 42. Qxg4 Rf8 43. Bf4 Bb4 44. d5 Bxd5 45. Rc7 Be6 46. Rxf7 Bxg4 47. Rxb7 Bc5+ 48. Kh1 Rd8 49. Rb8 Rxb8 50. Bxb8 Bb4 51. Bd5+ Kf8 52. Bc7 Be2 53. Kg2 Ke7 54. Kf2 Bb5 55. Ke3 Kd7 56. Bb6 Be1 57. Be4 h6 58. Bd4 g5 59. Bc3 Bxc3 60. bxc3 Kc7 61. Kd4 Bd7 62. Ke5 h5 63. h4 gxh4 64. gxh4 Bg4 65. Kd5 Be2 66. Kc5 Bg4 67. Bd3 Kb7 68. Kd6 Bf3 69. Bf5 Kb8 70. c4 Bg4 71. Bd7 Bf3 72. c5 Bb7 73. c6 Bc8 74. Bxc8 Kxc8 75. c7 1-0

[Event "7th Francophone-ch 2019"]
[Site "Paris"]
[Date "2019.08.07"]
[Round "4.4"]
[White "Okhotnik, Vladimir"]
[Black "Haie, Arnaud"]
[Result "1-0"]
[ECO "B22"]
[WhiteElo "2381"]
[BlackElo "2130"]
[Annotator "NA"]
[PlyCount "139"]
[EventDate "2019.08.04"]
[EventType "swiss"]
[EventCountry "FRA"]
[SourceTitle "playchess.com"]
[Source "ChessBase"]
[SourceQuality "1"]
[TimeControl "40/5400+30:1800+30"]

1. e4 c5 2. Nf3 e6 3. c3 Nf6 4. e5 Nd5 5. g3 Nc6 6. Bg2 d6 7. exd6 Bxd6 8. d4 O-O 9. O-O Bd7 10. dxc5 Bxc5 11. Nbd2 Qc7 12. Ne4 Be7 13. c4 Nf6 14. Bf4 Qd8 15. Qe2 Qb6 16. Rfd1 Rfd8 17. Nd6 Be8 18. Nxe8 Nxe8 19. b3 Bc5 20. Bg5 Rd6 21. Rxd6 Nxd6 22. Rd1 Nf5 23. g4 Nfe7 24. Bh4 Ng6 25. Bg3 Rd8 26. h4 h6 27. h5 Nf8 28. Rxd8 Qxd8 29. Ne5 Nd4 30. Qe4 b6 31. Kh2 f5 32. Qb7 Qf6 33. Nd3 fxg4 34. b4 Be7 35. Qxa7 Qf7 36. Nf4 Bxb4 37. Qxb6 Bc3 38. Qd8 Qf5 39. Qa8 Bd2 40. Be4 Qf6 41. Ng6 Bb4 42. Qb8 Bc5 43. Qc7 Qg5 44. Qe5 Nd7 45. Qxg5 hxg5 46. Ne5 Nf6 47. Bg6 Bd6 48. Nd3 e5 49. Kg2 Nf3 50. a4 Bc7 51. Bf5 e4 52. Bxc7 exd3 53. Kf1 d2 54. Bc2 Nd4 55. Bd1 Ne4 56. Bb6 Nc6 57. Ke2 Ne5 58. Bb3 Nf3 59. Kd3 Nf6 60. a5 Nd7 61. c5+ Kf8 62. a6 Nde5+ 63. Ke4 Nc6 64. a7 Nxa7 65. Bxa7 Ke7 66. Kd5 Kd7 67. c6+ Kc7 68. Bc5 Nh4 69. Bd6+ Kc8 70. Kc5 1-0

[Event "7th Francophone-ch 2019"]
[Site "Paris"]
[Date "2019.08.07"]
[Round "4.5"]
[White "Eugene, Floryan"]
[Black "Bianchi, Guillaume"]
[Result "1-0"]
[ECO "C02"]
[WhiteElo "2300"]
[BlackElo "2101"]
[Annotator "NA"]
[PlyCount "79"]
[EventDate "2019.08.04"]
[EventType "swiss"]
[EventCountry "FRA"]
[SourceTitle "playchess.com"]
[Source "ChessBase"]
[SourceQuality "1"]
[TimeControl "40/5400+30:1800+30"]

1. e4 e6 2. d4 d5 3. e5 c5 4. c3 Nc6 5. Nf3 Bd7 6. Bd3 cxd4 7. cxd4 Qb6 8. O-O Nxd4 9. Nbd2 Nc6 10. Nb3 Qc7 11. Be3 Nge7 12. Rc1 Ng6 13. Nc5 Be7 14. b4 a6 15. a4 Qb8 16. b5 axb5 17. Bxb5 Bxc5 18. Bxc5 f6 19. exf6 gxf6 20. Re1 Kf7 21. Nd4 Qd8 22. Rb1 Re8 23. Qh5 Kg7 24. Bxc6 bxc6 25. Rb7 Rb8 26. Nxc6 Rxb7 27. Nxd8 Rxd8 28. a5 Rb5 29. Be3 e5 30. Qh6+ Kg8 31. Bb6 Rc8 32. h4 Rc6 33. h5 Nf4 34. Bd8 Ne6 35. Bxf6 e4 36. Re3 Kf7 37. Rg3 Rxa5 38. Be5 Nf8 39. Qf4+ Ke8 40. Rg8 1-0

[Event "7th Francophone-ch 2019"]
[Site "Paris"]
[Date "2019.08.07"]
[Round "4.6"]
[White "Dornbusch, Tatiana"]
[Black "Philippe, Guillaume"]
[Result "0-1"]
[ECO "E16"]
[WhiteElo "2284"]
[BlackElo "2344"]
[Annotator "NA"]
[PlyCount "66"]
[EventDate "2019.08.04"]
[EventType "swiss"]
[EventCountry "FRA"]
[SourceTitle "playchess.com"]
[Source "ChessBase"]
[SourceQuality "1"]
[TimeControl "40/5400+30:1800+30"]

1. d4 Nf6 2. Nf3 e6 3. c4 b6 4. g3 Ba6 5. Nbd2 Bb7 6. Bg2 Be7 7. Qc2 d5 8. O-O O-O 9. Ne5 c5 10. dxc5 bxc5 11. Nb3 Qc7 12. Bf4 g5 13. Ng6 gxf4 14. Nxf8 Bxf8 15. cxd5 Bxd5 16. Bxd5 Nxd5 17. Rac1 Nd7 18. Qe4 Rb8 19. Kh1 Rb4 20. Qg2 fxg3 21. e4 N5f6 22. Rc3 Nxe4 23. Re3 f5 24. a3 Rb8 25. fxg3 Bh6 26. Rxe4 fxe4 27. Qh3 Rf8 28. Qxe6+ Kh8 29. Rxf8+ Bxf8 30. Qxe4 Qe5 31. Qxe5+ Nxe5 32. Nd2 Bh6 33. Ne4 c4 0-1

[Event "7th Francophone-ch 2019"]
[Site "Paris"]
[Date "2019.08.07"]
[Round "4.7"]
[White "Huynh, Laurent"]
[Black "David, Alberto"]
[Result "0-1"]
[ECO "B06"]
[WhiteElo "2111"]
[BlackElo "2553"]
[Annotator "ChessBase"]
[PlyCount "66"]
[EventDate "2019.08.04"]
[EventType "swiss"]
[EventCountry "FRA"]
[SourceTitle "playchess.com"]
[Source "ChessBase"]
[SourceQuality "1"]
[TimeControl "40/5400+30:1800+30"]

1. e4 c6 2. d4 g6 3. Nf3 Bg7 4. Bd3 d6 5. a4 Nf6 6. O-O O-O 7. Re1 c5 8. c3 cxd4 9. cxd4 Nc6 10. d5 Nb4 11. Nc3 Bg4 12. Be2 Nd7 13. Be3 a5 14. Nd4 Bxe2 15. Qxe2 Rc8 16. Rad1 Qc7 17. Ncb5 Qc4 18. Qxc4 Rxc4 19. Rc1 Rxc1 20. Rxc1 Nc5 21. b3 Nxe4 22. Nc7 Rc8 23. Ndb5 Nc3 24. Rxc3 Bxc3 25. Bb6 Na6 26. Nxc3 Nxc7 27. Kf1 Na6 28. Nb5 Rc1+ 29. Ke2 Nc5 30. Bxa5 Nxb3 31. Bd8 Kf8 32. Bb6 Rc4 33. a5 Nxa5 0-1

[Event "7th Francophone-ch 2019"]
[Site "Paris"]
[Date "2019.08.07"]
[Round "4.8"]
[White "Mastrovasilis, Dimitrios"]
[Black "Amdouni, Zoubaier"]
[Result "1/2-1/2"]
[ECO "B30"]
[WhiteElo "2589"]
[BlackElo "2248"]
[Annotator "ChessBase"]
[PlyCount "97"]
[EventDate "2019.08.04"]
[EventType "swiss"]
[EventCountry "FRA"]
[SourceTitle "playchess.com"]
[Source "ChessBase"]
[SourceQuality "1"]
[TimeControl "40/5400+30:1800+30"]

1. e4 c5 2. Nf3 Nc6 3. Bb5 e6 4. O-O Nge7 5. d4 cxd4 6. Nxd4 Qb6 7. Nxc6 Qxb5 8. Nd4 Qe5 9. f4 Qa5 10. Be3 d5 11. e5 Bd7 12. Nd2 Rc8 13. Kh1 g6 14. Rf3 Bg7 15. Bf2 O-O 16. N2b3 Qc7 17. Bh4 f6 18. exf6 Bxf6 19. Bxf6 Rxf6 20. Qd2 Rcf8 21. Raf1 Nc8 22. Nc1 Nd6 23. Nd3 Ne4 24. Qe3 R6f7 25. Ne5 Rg7 26. g3 Qa5 27. a3 Qb6 28. b3 Qd6 29. b4 a5 30. bxa5 Bc6 31. a6 Ra8 32. a7 Rc7 33. Rb1 Be8 34. Ne2 Qa6 35. Rb6 Qxa7 36. Rxe6 Qxe3 37. Rxe3 Rxc2 38. Nd4 Ra2 39. Re7 Rc8 40. Re2 Rxe2 41. Nxe2 Bb5 42. Nd4 Rc1+ 43. Kg2 Bf1+ 44. Kf3 h5 45. Re8+ Kg7 46. Re7+ Kg8 47. Re8+ Kg7 48. Re7+ Kg8 49. Re8+ 1/2-1/2

[Event "7th Francophone-ch 2019"]
[Site "Paris"]
[Date "2019.08.07"]
[Round "4.9"]
[White "Bouget, Alexandre"]
[Black "Mastrovasilis, Athanasios"]
[Result "0-1"]
[ECO "E41"]
[WhiteElo "2275"]
[BlackElo "2518"]
[Annotator "ChessBase"]
[PlyCount "80"]
[EventDate "2019.08.04"]
[EventType "swiss"]
[EventCountry "FRA"]
[SourceTitle "playchess.com"]
[Source "ChessBase"]
[SourceQuality "1"]
[TimeControl "40/5400+30:1800+30"]

1. d4 Nf6 2. c4 e6 3. Nc3 Bb4 4. e3 c5 5. Nf3 Nc6 6. Bd3 Bxc3+ 7. bxc3 d6 8. e4 e5 9. d5 Ne7 10. Nh4 h6 11. O-O g5 12. Nf5 Bxf5 13. exf5 Qd7 14. Bc2 O-O-O 15. a4 Nxf5 16. Qf3 e4 17. Bxe4 Nxe4 18. Qxe4 Rde8 19. Qd3 Re7 20. a5 Rhe8 21. a6 b6 22. Bd2 Nh4 23. h3 Re2 24. Rad1 f5 25. g3 Ng6 26. Be3 Rb2 27. f4 Re4 28. Rd2 Rxd2 29. Bxd2 Kc7 30. g4 gxf4 31. gxf5 Qxf5 32. Qb1 Nh4 33. Rf2 Qg6+ 34. Kh1 Qf5 35. Kg1 Qg6+ 36. Kh1 Rxc4 37. Qb5 Qe4+ 38. Kg1 Qxd5 39. Bxf4 Rxf4 40. Rxf4 Qg2# 0-1

[Event "7th Francophone-ch 2019"]
[Site "Paris"]
[Date "2019.08.07"]
[Round "4.10"]
[White "Dudognon, Thibault"]
[Black "Vedmediuc, Serghei"]
[Result "1-0"]
[ECO "E04"]
[WhiteElo "2247"]
[BlackElo "2450"]
[Annotator "ChessBase"]
[PlyCount "125"]
[EventDate "2019.08.04"]
[EventType "swiss"]
[EventCountry "FRA"]
[SourceTitle "playchess.com"]
[Source "ChessBase"]
[SourceQuality "1"]
[TimeControl "40/5400+30:1800+30"]

1. d4 Nf6 2. c4 e6 3. g3 d5 4. Nf3 dxc4 5. Bg2 Bd7 6. Ne5 Bc6 7. Nxc6 Nxc6 8. O-O Qd7 9. e3 h5 10. Nd2 h4 11. Nxc4 hxg3 12. hxg3 Nd5 13. a3 f5 14. Re1 O-O-O 15. b4 g5 16. b5 Nce7 17. a4 Bg7 18. Qb3 f4 19. gxf4 gxf4 20. e4 f3 21. Qxf3 Rdf8 22. Qd1 Nf4 23. Bxf4 Rxf4 24. e5 Rhh4 25. Qc2 Nf5 26. b6 Kb8 27. bxa7+ Kxa7 28. Reb1 Rhg4 29. Rxb7+ Ka6 30. Ne3 Rxg2+ 31. Nxg2 Kxb7 32. Nxf4 Nxd4 33. Rb1+ Kc8 34. Qe4 c6 35. Kg2 Bf8 36. Rd1 Bc5 37. Qg6 Kb8 38. Qg8+ Ka7 39. Rb1 Bb6 40. a5 Bd8 41. Qf8 Ka6 42. Qc5 Bxa5 43. Ra1 Nb5 44. Nd3 Qd5+ 45. Qxd5 cxd5 46. Nc5+ Kb6 47. Nd7+ Ka6 48. f4 Nd4 49. Ra4 Nf5 50. Nf8 Kb5 51. Ra1 Ng7 52. Rh1 Bb4 53. Rh8 d4 54. Rg8 Bxf8 55. Rxf8 Kc5 56. Kf3 Nf5 57. Ke4 Ng3+ 58. Kd3 Nf5 59. Rd8 Kc6 60. Kc4 Kc7 61. Rf8 Kd7 62. Rf6 Ke7 63. Rxf5 1-0

[Event "7th Francophone-ch 2019"]
[Site "Paris"]
[Date "2019.08.08"]
[Round "5.1"]
[White "Philippe, Guillaume"]
[Black "Okhotnik, Vladimir"]
[Result "1/2-1/2"]
[ECO "A05"]
[WhiteElo "2344"]
[BlackElo "2381"]
[Annotator "NA"]
[PlyCount "89"]
[EventDate "2019.08.04"]
[EventType "swiss"]
[EventCountry "FRA"]
[SourceTitle "playchess.com"]
[Source "ChessBase"]
[SourceQuality "1"]
[TimeControl "40/5400+30:1800+30"]

1. Nf3 Nf6 2. e3 g6 3. b4 c6 4. Bb2 Bg7 5. c4 a5 6. b5 O-O 7. Be2 d5 8. O-O cxb5 9. cxb5 a4 10. Na3 Nbd7 11. Rc1 Ne4 12. Qc2 Qb6 13. Bxg7 Kxg7 14. Qb2+ Qf6 15. Qxf6+ Kxf6 16. d4 Nb6 17. Ne5 Be6 18. f3 Nd6 19. Nd3 Kg7 20. Nc5 Rfc8 21. Rc3 h5 22. Rfc1 Bf5 23. g3 g5 24. Rf1 f6 25. h4 gxh4 26. gxh4 Kf7 27. Kf2 Rc7 28. Rcc1 e6 29. Rg1 Rcc8 30. Rg2 Rab8 31. Rcg1 Rg8 32. Rxg8 Rxg8 33. Rxg8 Kxg8 34. Bd1 e5 35. Bxa4 Nxa4 36. Nxa4 Kf7 37. b6 exd4 38. exd4 Ke7 39. Nc3 Be6 40. Nab5 Nf5 41. Nc7 Kd6 42. Ne8+ Ke7 43. Nc7 Kd6 44. Ne8+ Ke7 45. Nc7 1/2-1/2

[Event "7th Francophone-ch 2019"]
[Site "Paris"]
[Date "2019.08.08"]
[Round "5.2"]
[White "Bergez, Luc"]
[Black "Eugene, Floryan"]
[Result "1/2-1/2"]
[ECO "C27"]
[WhiteElo "2308"]
[BlackElo "2300"]
[Annotator "NA"]
[PlyCount "191"]
[EventDate "2019.08.04"]
[EventType "swiss"]
[EventCountry "FRA"]
[SourceTitle "playchess.com"]
[Source "ChessBase"]
[SourceQuality "1"]
[TimeControl "40/5400+30:1800+30"]

1. e4 e5 2. Nc3 Nf6 3. Bc4 Nxe4 4. Qh5 Nd6 5. Bb3 Be7 6. Qxe5 O-O 7. d4 Bf6 8. Qf4 Ne8 9. Nd5 c6 10. Nxf6+ Nxf6 11. Ne2 Re8 12. Be3 d5 13. h3 Nbd7 14. O-O-O a5 15. c3 Nb6 16. Qf3 a4 17. Bc2 Nc4 18. Bd3 Nxe3 19. fxe3 Qe7 20. Kd2 b5 21. a3 Ne4+ 22. Bxe4 dxe4 23. Qh5 f5 24. g4 Rf8 25. Rdf1 Qe6 26. Rxf5 Ba6 27. d5 Rxf5 28. Qxf5 Qxf5 29. gxf5 Rd8 30. Ng3 Rxd5+ 31. Kc1 Bc8 32. Rf1 Re5 33. Rf4 Kf7 34. h4 Bd7 35. Kd2 h6 36. c4 bxc4 37. Nxe4 Bxf5 38. Nc3 g5 39. hxg5 hxg5 40. Rxc4 g4 41. Rxa4 g3 42. Ke2 g2 43. Kf2 Rxe3 44. Kxg2 Rd3 45. Rb4 Ke6 46. Kf2 Kd6 47. Ke2 Rh3 48. Nd1 c5 49. Ra4 c4 50. Ne3 Rh2+ 51. Kf3 Be6 52. Rb4 Ke5 53. a4 Kd4 54. Nd1 Rh3+ 55. Kf4 Bd7 56. a5 Rh5 57. b3 Rf5+ 58. Kg3 Rg5+ 59. Kf4 Rf5+ 60. Kg3 Rg5+ 61. Kf2 Rxa5 62. Rxc4+ Ke5 63. b4 Be6 64. Rh4 Ra2+ 65. Ke3 Ra3+ 66. Kd2 Rh3 67. Rxh3 Bxh3 68. Kc3 Kd5 69. Ne3+ Kc6 70. Kb3 Kb5 71. Nd1 Be6+ 72. Ka3 Bg4 73. Nc3+ Kc4 74. Ne4 Kb5 75. Nd6+ Kc6 76. Nf7 Kb5 77. Ng5 Bd1 78. Ne6 Bg4 79. Nd4+ Kc4 80. Nc6 Kb5 81. Ne5 Bd1 82. Nd3 Be2 83. Nb2 Bf3 84. Kb3 Be2 85. Ka3 Bf3 86. Na4 Bg4 87. Nc3+ Kc4 88. Ne4 Kb5 89. Kb3 Bd1+ 90. Kc3 Bg4 91. Nd6+ Kc6 92. Nf7 Kb5 93. Ng5 Be2 94. Ne6 Bf1 95. Nd4+ Kb6 96. Kb3 1/2-1/2

[Event "7th Francophone-ch 2019"]
[Site "Paris"]
[Date "2019.08.08"]
[Round "5.3"]
[White "David, Alberto"]
[Black "Shirazi, Kamran"]
[Result "1/2-1/2"]
[ECO "B51"]
[WhiteElo "2553"]
[BlackElo "2343"]
[Annotator "ChessBase"]
[PlyCount "139"]
[EventDate "2019.08.04"]
[EventType "swiss"]
[EventCountry "FRA"]
[SourceTitle "playchess.com"]
[Source "ChessBase"]
[SourceQuality "1"]
[TimeControl "40/5400+30:1800+30"]

1. e4 c5 2. Nf3 d6 3. Bb5+ Nc6 4. O-O Bd7 5. Re1 a6 6. Bxc6 Bxc6 7. d4 cxd4 8. Nxd4 Nf6 9. Nxc6 bxc6 10. c4 g6 11. Qa4 Qc7 12. c5 dxc5 13. Bf4 Qb7 14. Nc3 Bg7 15. e5 Nd7 16. Qc2 O-O 17. Na4 e6 18. Rac1 Qc7 19. Qe2 Rfb8 20. b3 Rb4 21. g3 c4 22. Rxc4 Rxc4 23. Qxc4 h6 24. h4 a5 25. Qe2 Nb6 26. Nxb6 Qxb6 27. Qc4 Bf8 28. Rc1 c5 29. Be3 Rc8 30. Rd1 Qc6 31. Rd3 a4 32. Qxa4 Qxa4 33. bxa4 Ra8 34. Bd2 c4 35. Rd4 Rxa4 36. Rd8 Kg7 37. Bxh6+ Kxh6 38. Rxf8 c3 39. Rh8+ Kg7 40. Rc8 Rxa2 41. Rxc3 Ra5 42. Re3 Kh6 43. Kg2 Ra2 44. Re4 Rb2 45. Rf4 Kg7 46. Kf3 Rb3+ 47. Kg4 Rb2 48. f3 Rb5 49. Re4 Kh6 50. Re2 Rb4+ 51. f4 Rb3 52. Rh2 Ra3 53. h5 Rb3 54. hxg6+ Kxg6 55. Rh8 Re3 56. Rg8+ Kh7 57. Rg5 Re1 58. Kf3 Ra1 59. Kg4 Re1 60. Rh5+ Kg7 61. Kg5 Re3 62. g4 Re4 63. Rh1 Re2 64. Rb1 Re4 65. Rb5 Re1 66. f5 exf5 67. gxf5 Rxe5 68. Rxe5 f6+ 69. Kf4 fxe5+ 70. Ke4 1/2-1/2

[Event "7th Francophone-ch 2019"]
[Site "Paris"]
[Date "2019.08.08"]
[Round "5.4"]
[White "Gerber, Richard"]
[Black "Shchekachev, Andrei"]
[Result "1/2-1/2"]
[ECO "B08"]
[WhiteElo "2310"]
[BlackElo "2531"]
[Annotator "ChessBase"]
[PlyCount "83"]
[EventDate "2019.08.04"]
[EventType "swiss"]
[EventCountry "FRA"]
[SourceTitle "playchess.com"]
[Source "ChessBase"]
[SourceQuality "1"]
[TimeControl "40/5400+30:1800+30"]

1. Nf3 d6 2. d4 g6 3. e4 Nf6 4. Nc3 Bg7 5. Be3 Nc6 6. Be2 O-O 7. O-O a6 8. d5 Na7 9. a4 e6 10. Nd2 exd5 11. exd5 Re8 12. Bf3 Rxe3 13. fxe3 Bd7 14. Qe2 Qe7 15. Rae1 h5 16. Qc4 Ne8 17. Qe4 Qd8 18. Be2 Nc8 19. Bd3 Nf6 20. Qf4 Be8 21. Qh4 Nb6 22. e4 Nbd7 23. Nf3 Nc5 24. h3 Nfd7 25. Qxd8 Rxd8 26. a5 Ne5 27. Nxe5 Bxe5 28. Kf2 h4 29. Ke3 Kg7 30. Nd1 Bd7 31. b4 Na4 32. Kd2 Rb8 33. Rf3 b6 34. Ref1 f6 35. axb6 cxb6 36. Be2 a5 37. Rb3 axb4 38. Rxb4 Nc5 39. Rf3 g5 40. Nf2 Bf4+ 41. Rxf4 gxf4 42. Nd3 1/2-1/2

[Event "7th Francophone-ch 2019"]
[Site "Paris"]
[Date "2019.08.08"]
[Round "5.5"]
[White "Mastrovasilis, Athanasios"]
[Black "Sandu, Mihaela"]
[Result "1-0"]
[ECO "D02"]
[WhiteElo "2518"]
[BlackElo "2286"]
[Annotator "ChessBase"]
[PlyCount "83"]
[EventDate "2019.08.04"]
[EventType "swiss"]
[EventCountry "FRA"]
[SourceTitle "playchess.com"]
[Source "ChessBase"]
[SourceQuality "1"]
[TimeControl "40/5400+30:1800+30"]

1. d4 Nf6 2. Nf3 g6 3. g3 Bg7 4. Bg2 d5 5. O-O O-O 6. c3 Bf5 7. Nbd2 c6 8. Nh4 Bg4 9. h3 Bc8 10. Re1 Nbd7 11. Nhf3 c5 12. a4 Qc7 13. e4 cxd4 14. Nxd4 dxe4 15. Nxe4 Nxe4 16. Rxe4 Nc5 17. Nb5 Qd8 18. Rd4 Bxd4 19. cxd4 a6 20. Nc3 Nd7 21. Bh6 Re8 22. Rc1 Nf6 23. g4 Be6 24. d5 Bd7 25. Qd4 Rc8 26. Re1 b5 27. axb5 axb5 28. Bf1 Bc6 29. Rd1 e5 30. Qe3 Nxd5 31. Nxd5 Bxd5 32. Bg2 e4 33. Qd4 f6 34. Qxd5+ Qxd5 35. Rxd5 g5 36. h4 Rc1+ 37. Kh2 Rc2 38. Rf5 gxh4 39. Rxf6 Rxb2 40. Bxe4 b4 41. Bd5+ Kh8 42. Rf7 1-0